 Dungeon Crawl Stone Soup version 0.29.1-2-gbd0b4ee654 (webtiles) character file.

Game seed: 8958023620538537241

21 GeoRichter the Shooter (level 2, 0/14 HPs)
             Began as a Spriggan Hunter on Nov 12, 2022.
             Slain by Natasha (9 damage)
             ... on level 2 of the Dungeon.
             The game lasted 00:01:33 (612 turns).

GeoRichter the Shooter (Spriggan Hunter)             Turns: 612, Time: 00:01:33

Health: 0/14       AC:  2    Str:  7    XL:     2   Next: 62%
Magic:  4/4        EV: 18    Int: 10    God:
Gold:   63         SH:  0    Dex: 18    Spells: 2/2 levels left

rFire   . . .      SeeInvis +   a - +0 shortbow
rCold   . . .      Faith    .   (shield currently unavailable)
rNeg    . . .      Spirit   .   c - +0 robe
rPois   .          Reflect  .   (helmet restricted)
rElec   .          Harm     .   (no cloak)
rCorr   .          Rampage  .   (gloves unavailable)
Will    .....                   (boots unavailable)
Stlth   ++........              j - amulet of regeneration
HPRegen 0.84/turn               (no ring)
MPRegen 0.09/turn               (no ring)

@: very quick
A: very small, no large weapons, unfitting armour, see invisible, speed 3
a: no special abilities


You were on level 2 of the Dungeon.
You visited 1 branch of the dungeon, and saw 2 of its levels.

You collected 63 gold pieces.

Inventory:

Hand Weapons
 a - a +0 shortbow (weapon)
Armour
 c - a +0 robe (worn)
Jewellery
 j - an amulet of regeneration (around neck)
   (You found it on level 1 of the Dungeon)
Scrolls
 b - a scroll of immolation {!r}
 e - a scroll of magic mapping {unknown}
 f - a scroll of summoning {unknown}
 h - a scroll of teleportation {unknown}
 i - a scroll of identify {unknown}
Potions
 d - a potion of brilliance {unknown}
 g - a potion of flight {unknown}
 k - a potion of curing {unknown}


   Skills:
 - Level 1.5 Fighting
 - Level 4.3 Ranged Weapons
 - Level 3.1 Dodging
 - Level 1.5 Stealth
 + Level 0.6 Spellcasting
 * Level 0.9 Poison Magic


You had 2 spell levels left.
You didn't know any spells.
Your spell library contained the following spells:

 Spells                   Type           Power      Damage    Failure   Level
 Sting                    Tmut/Pois      4%         1d3       30%         1
 Poisonous Vapours        Pois/Air       2%         N/A       41%         2
 Olgreb's Toxic Radiance  Pois           2%         N/A       94%         4
 Summon Forest            Summ/Tloc      0%         N/A       100%        5
 Eringya's Noxious Bog    Tmut/Pois      0%         N/A       100%        6
 Summon Hydra             Summ           0%         N/A       100%        7


Dungeon Overview and Level Annotations

Branches:
Dungeon (2/15) Zot: 11602

Altars:

Shops:
D:1 *

Annotations:
D:2 Natasha


Innate Abilities, Weirdness & Mutations

You are very small and have problems with some larger weapons.
You are too small for most types of armour.
You have supernaturally acute eyesight. (SInv)
You cover ground extremely quickly. (Speed+++)


Message History

You shoot an arrow. The arrow hits the endoplasm!
You kill the endoplasm!
No target in view!
No target in view!
Found an escape hatch in the floor.
Found a Fen Folio.
You pick up a Fen Folio and begin reading...
You add the spells Summon Forest, Eringya's Noxious Bog and Summon Hydra to your library.
An endoplasm comes into view.
Okay, then.
You shoot an arrow. The arrow hits the endoplasm.
The endoplasm quivers.
You shoot an arrow. The arrow hits the endoplasm!
You kill the endoplasm!
No target in view!
Found a short sword.
Found 6 stones.
You see here a +0 war axe.
You see here 6 poisoned darts.
Found 17 gold pieces.
You now have 63 gold pieces (gained 17).
Done exploring.
Done exploring.
There is a stone staircase leading down here.
You climb downwards.
There is a stone staircase leading up here.
A rat comes into view.
A rat is nearby!
You shoot an arrow. The arrow hits the rat!
You kill the rat!
You hear an angry hiss.
No target in view!
No target in view!
An adder comes into view.
The adder hisses angrily.
You shoot an arrow. The arrow hits the adder!
You shoot an arrow. The arrow hits the adder!
You kill the adder!
Found 4 stones.
Natasha, Servant of Life and Death comes into view.
Found a robe and 12 gold pieces.
You shoot an arrow. The arrow hits Natasha!
Natasha hisses angrily.
You shoot an arrow. The arrow barely misses Natasha.
You shoot an arrow. The arrow hits Natasha.
Natasha casts a spell at you. The magic dart hits you.
You shoot an arrow. The arrow barely misses Natasha.
Natasha claws you!
Ouch! That really hurt!
You die...

#.#...# #.#...#
#.#...# #.#.<.#
#.#...# #.#...# #
##.#...#
#.##......#
#..@......#
......h#......#
.(.....##........
....... ###.#.###
.....$[ ..#...
....... ###.#.+
....... .###
.......


You could see Natasha.

Vanquished Creatures
  An adder (D:2)
  A bat (D:1)
  3 endoplasms (D:1)
  3 hobgoblins (D:1)
  A frilled lizard (D:1)
  2 rats
11 creatures vanquished.

Notes
Turn   | Place    | Note
-------+----------+-------------------------------------------
     0 | D:1      | GeoRichter the Spriggan Hunter began the quest for the Orb.
     0 | D:1      | Reached XP level 1. HP: 10/10 MP: 2/2
   102 | D:1      | Found Olorux Mumi's Assorted Antiques.
   219 | D:1      | Reached XP level 2. HP: 14/14 MP: 3/3
   608 | D:2      | Noticed Natasha
   612 | D:2      | Slain by Natasha

Illustrated notes

Levels and vault maps discovered:
D:1:      dpeg_arrival_central, layout_basic, serial_shops,
          nicolae_diamond_shop, minmay_misc_feat_pillars
D:2:      layout_loops_ring, basic_altar, minmay_liquid_box, uniq_natasha

Skill      XL: |  1 |
---------------+----+-----
Dodging        | 3 |  3.1
Fighting       | |  1.5
Ranged Weapons | |  4.3
Stealth        | |  1.5
Spellcasting   | |  0.6
Poison Magic   | |  0.9

Action                   || total
-------------------------++-------
 Fire: Shortbow          ||    22
